 Dungeon Crawl Stone Soup version 0.30.0-18-gc0e69614cb (webtiles) character file.

Game seed: 6677692206972526743

3945 Hades the Cleaver (level 10, -12/66 HPs)
             Began as a Demonspawn Fighter on May 24, 2023.
             Was a Follower of Hepliaklqana.
             Mangled by a jiangshi (19 damage)
             ... created by the anger of Yredelemnul
             ... on level 7 of the Dungeon.
             The game lasted 00:41:16 (7468 turns).

Hades the Cleaver (Demonspawn Fighter)              Turns: 7468, Time: 00:41:19

Health: -12/66     AC: 18    Str: 28    XL:     10   Next: 2%
Magic:  25/25      EV:  9    Int:  9    God:    Hepliaklqana [*.....]
Gold:   237        SH:  9    Dex: 12    Spells: 19/19 levels left

rFire   . . .        a - +3 war axe (heavy)
rCold   . . .        c - +0 buckler
rNeg    . . .        j - +1 plate armour
rPois   .            (no helmet)
rElec   .            (no cloak)
rCorr   .            u - +0 pair of gloves
SInv    .            (no boots)
Will    .....        x
                       - Hermit's Pendant {Faith Invo=14 Evo=0 MP+5} Stlth
                     o - +6 ring of strength
HPRegen 0.31/turn    (no ring)
MPRegen 0.38/turn

%: faith
@: no status effects
A: reduced essence, repulsion field 1, icemail 1, magic regeneration,
condensation shield, weakness stinger 2
a: Renounce Religion, Recall Ancestor, Ancestor Identity


You were on level 7 of the Dungeon.
You worshipped Hepliaklqana.
Hepliaklqana was aware of your devotion.
You visited 2 branches of the dungeon, and saw 9 of its levels.

You collected 312 gold pieces.
You spent 75 gold pieces at shops.

Inventory:

Hand Weapons
 a - a +3 heavy war axe (weapon)
 w - a +1 scythe of flaming
 z - a +1 heavy spear
Armour
 b - a +0 scale mail
 c - a +0 buckler (worn)
 j - a +1 plate armour (worn)
 u - a +0 pair of gloves (worn)
Jewellery
 o - a +6 ring of strength (left hand)
 x - the Hermit's Pendant (around neck) {Faith Invo=14 Evo=0 MP+5}
   (You found it on level 6 of the Dungeon)

   [amulet of faith]

   Invo=14: It sets your Invocations skill to 14.
   Evo=0: It sets your Evocations skill to 0.
   It allows you to gain divine favour quickly.
   MP:        It affects your magic capacity (+5).
Wands
 i - a wand of mindburst (14) (quivered)
 m - a wand of iceblast (3)
Scrolls
 f - 2 scrolls of immolation
 k - a scroll of magic mapping
 y - 2 scrolls of teleportation {unknown}
 B - a scroll of amnesia
 C - a scroll of identify
Potions
 d - 3 potions of might
 e - a potion of invisibility {unknown}
 g - 4 potions of flight {unknown}
 h - 2 potions of attraction {unknown}
 l - a potion of mutation {unknown}
 n - 3 potions of brilliance {unknown}
 p - 2 potions of degeneration {unknown}
 q - 2 potions of cancellation {unknown}
 r - 2 potions of ambrosia {unknown}
 s - 5 potions of curing
 t - 2 potions of berserk rage {unknown}
 v - a potion of haste {unknown}
 A - a potion of lignification {unknown}


   Skills:
 + Level 5.4 Fighting
 + Level 8.4 Axes
 + Level 5.8 Armour
 + Level 0.8 Dodging
 + Level 0.6 Stealth
 + Level 6.1 Shields
 * Level 5.1 Spellcasting
 + Level 1.1(14.0) Invocations
 * Level 0.3(0.0) Evocations


You had 19 spell levels left.
You didn't know any spells.
Your spell library contained the following spells:

 Spells                   Type           Power      Damage    Failure   Level
 Freeze                   Ice            8%         1d3       96%         1
 Summon Small Mammal      Summ           8%         N/A       96%         1
 Call Canine Familiar     Summ           2%         N/A       100%        3
 Frozen Ramparts          Ice            4%         1d1       100%        3
 Gell's Gravitas          Tloc           2%         N/A       100%        3
 Hailstorm                Conj/Ice       2%         3d3       100%        3
 Summon Guardian Golem    Hex/Summ       2%         N/A       100%        3
 Teleport Other           Tloc           2%         N/A       100%        3
 Tukima's Dance           Hex            2%         N/A       100%        3
 Passage of Golubria      Tloc           2%         N/A       100%        4
 Yara's Violent Unravell  Hex/Tmut       1%         3d3       100%        5
 Dispersal                Tloc           1%         N/A       100%        6


Dungeon Overview and Level Annotations

Branches:
Dungeon (8/15)             Temple (1/1) D:6
   Lair: D:8-11

Altars:
Ashenzari
Cheibriados
Dithmenos
Fedhas
Gozag
Hepliaklqana
Kikubaaqudgha
Makhleb
Okawaru
Qazlal
Ru
Sif Muna
Trog
Uskayaw
Vehumet
Wu Jian
Xom
Yredelemnul

Shops:
D:3 ?


Innate Abilities, Weirdness & Mutations

Your life essence is reduced to manifest your ancestor. (-10% HP)
You are surrounded by a mild repulsion field. (EV +2)
A meltable icy envelope protects you from harm. (AC +4)
You regenerate magic rapidly.
A meltable shield of frost defends you. (SH +4)
You have a tail ending in a sharp stinger.


Message History

You barely miss the jiangshi.
You block the skeletal warrior's attack.
You block the jiangshi's attack.
The jiangshi claws you but does no damage.
Lucifer closely misses the skeletal warrior.
The skeletal warrior closely misses you.
You hit the jiangshi but do no damage. The jiangshi barely misses you.
You block the jiangshi's attack. The jiangshi claws you!
The jiangshi draws strength from your injuries!
You block the jiangshi's attack.
Lucifer hits the skeletal warrior but does no damage.
The skeletal warrior barely misses you.
The jiangshi claws you but does no damage.
The jiangshi claws you.
The jiangshi draws strength from your injuries!
Lucifer hits the skeletal warrior but does no damage.
You barely miss the jiangshi. You block the jiangshi's attack.
The jiangshi completely misses you. You block the jiangshi's attack. x2
The skeletal warrior hits you from afar with a +0 glaive!!
* * * LOW HITPOINT WARNING * * *
Lucifer hits the skeletal warrior but does no damage.
The jiangshi claws you.
* * * LOW HITPOINT WARNING * * *
The jiangshi draws strength from your injuries!
The jiangshi claws you.
* * * LOW HITPOINT WARNING * * *
The jiangshi draws strength from your injuries!
The skeletal warrior barely misses Lucifer.
Lucifer misses the skeletal warrior.
Okay, then.
Really read the scroll of immolation? [Y]es or [N]o only, please.
Really read the scroll of immolation?
As you read the scroll of immolation, it crumbles to dust.
The creatures around you are filled with an inner flame!
You block the jiangshi's attack. The jiangshi claws you.
* * * LOW HITPOINT WARNING * * *
The jiangshi draws strength from your injuries!
The jiangshi claws you!!
You die...

.##....##..............
.....###..............
..#####...............
### #.............# #
#..............#
#..............##
#................#
#...........R.....#
#...........zV@...#
...................#
................#
.............##
...........###
..........## .........#
########.# ..#


You could see the friendly Lucifer the ancestor (inner flame), a skeletal
warrior (inner flame, ally target) and a jiangshi (inner flame).

Vanquished Creatures
  Pikel (D:6)
  The ghost of hattop the Conjurer, a novice DECj (D:6)
  Grinder (D:6)
  Sigmund (D:6)
  A steam dragon (D:7)
  6 yaks (D:6)
  A water moccasin (D:6)
  A sky beast (D:7)
  A black bear (D:4)
  An ogre (D:7)
  A centaur (D:4)
  A phantom (D:5)
  3 lemures (D:6)
  A bullfrog (D:7)
  Blork the orc (D:4)
  A scorpion (D:5)
  2 hounds (D:5)
  Crazy Yiuf (D:3)
  An orc priest (D:4)
  2 jellies
  Ijyb (D:3)
  Jessica (D:3)
  2 iguanas
  Natasha (thrice) (D:2)
  6 orc wizards
  6 gnolls
  3 adders
  A shadow imp (D:7)
  3 white imps
  4 dart slugs
  20 orcs
  2 ball pythons
  5 bats
  8 endoplasms
  3 giant cockroaches
  3 goblins
  7 hobgoblins
  2 jackals (D:1)
  5 quokkas
  A frilled lizard (D:2)
  7 kobolds
  7 rats
129 creatures vanquished.

Vanquished Creatures (collateral kills)
  A gargoyle (D:6)
  An ogre (D:5)
  A bullfrog (D:7)
  A jelly (D:6)
  An iguana (D:4)
  A gnoll (D:4)
  11 orcs
  A ball python (D:1)
  An endoplasm (D:2)
  A giant cockroach (D:2)
  3 hobgoblins
  A bat (D:3)
  5 frilled lizards
  A goblin (D:3)
  A rat (D:2)
31 creatures vanquished.

Vanquished Creatures (others)
  An ancestor (D:7)
  A felid zombie (D:2)
  3 goblin zombies
  3 bat zombies
  3 gnoll zombies
  A dart slug zombie (D:3)
  2 endoplasm zombies
  A frilled lizard zombie (D:1)
  A giant cockroach zombie (D:2)
  A human zombie (D:3)
  4 kobold zombies
  3 orc zombies
  A quokka zombie (D:4)
  3 rat zombies
28 creatures vanquished.

Grand Total: 188 creatures vanquished

Notes
Turn   | Place    | Note
-------+----------+-------------------------------------------
     0 | D:1      | Hades the Demonspawn Fighter began the quest for the Orb.
     0 | D:1      | Reached XP level 1. HP: 18/18 MP: 1/1
   267 | D:1      | Found a faded altar of an unknown god.
   280 | D:1      | Gained mutation: You are surrounded by a mild repulsion
                  | field. (EV +2) [demonic ancestry]
   280 | D:1      | Reached XP level 2. HP: 16/24 MP: 2/2
   286 | D:1      | Prayed at the altar of an unknown god.
   286 | D:1      | Became a worshipper of Yredelemnul the Dark
   286 | D:1      | Reached * piety under Yredelemnul
   361 | D:1      | Reached skill level 2 in Axes
   734 | D:2      | Reached XP level 3. HP: 25/29 MP: 3/3
  1103 | D:2      | Noticed Natasha
  1114 | D:2      | Killed Natasha
  1117 | D:2      | Noticed Natasha
  1137 | D:2      | Your ally Natasha died
  1144 | D:2      | Killed Natasha
  1145 | D:2      | Gained mutation: A meltable shield of frost defends you.
                  | (SH +4) [demonic ancestry]
  1145 | D:2      | Reached XP level 4. HP: 4/35 MP: 4/4
  1190 | D:2      | Noticed Natasha
  1201 | D:2      | Killed Natasha
  1202 | D:2      | Reached skill level 3 in Axes
  1841 | D:3      | Noticed Ijyb
  1850 | D:3      | Killed Ijyb
  1851 | D:3      | Reached XP level 5. HP: 39/41 MP: 5/5
  1982 | D:3      | Noticed Jessica
  1990 | D:3      | Killed Jessica
  2264 | D:3      | Your ally Jessica died
  2267 | D:3      | Your ally Ijyb died
  2583 | D:3      | Found Eluylle's Magic Scroll Shop.
  2595 | D:3      | Bought a scroll of enchant weapon for 75 gold pieces
  2756 | D:3      | Found a runed translucent door.
  2757 | D:3      | Noticed Crazy Yiuf
  2761 | D:3      | Killed Crazy Yiuf
  2931 | D:4      | Gained mutation: A meltable icy envelope protects you from
                  | harm. (AC +4) [demonic ancestry]
  2931 | D:4      | Reached XP level 6. HP: 47/48 MP: 6/6
  2987 | D:4      | Reached skill level 4 in Axes
  3011 | D:4      | Reached ** piety under Yredelemnul
  3126 | D:4      | Noticed Blork the orc
  3133 | D:4      | Killed Blork the orc
  3137 | D:4      | Gained mutation: You have a small tail. [demonic ancestry]
  3137 | D:4      | Reached XP level 7. HP: 47/54 MP: 6/8
  3197 | D:4      | Reached skill level 1 in Spellcasting
  3212 | D:4      | Reached *** piety under Yredelemnul
  3506 | D:4      | Reached skill level 5 in Axes
  4184 | D:5      | Entered Level 5 of the Dungeon
  4259 | D:5      | Found a sacrificial altar of Ru.
  4753 | D:5      | Gained mutation: You have a tail ending in a sharp stinger.
                  | [demonic ancestry]
  4753 | D:5      | Reached XP level 8. HP: 61/61 MP: 9/11
  5106 | D:6      | Reached skill level 6 in Axes
  5148 | D:6      | Noticed Pikel
  5163 | D:6      | Killed Pikel
  5232 | D:6      | Noticed Sigmund
  5237 | D:6      | Noticed a gargoyle
  5242 | D:6      | Killed Sigmund
  5243 | D:6      | Reached skill level 5 in Shields
  5246 | D:6      | Killed a gargoyle
  5247 | D:6      | Reached skill level 7 in Axes
  5247 | D:6      | Reached skill level 1 in Invocations
  5247 | D:6      | Reached XP level 9. HP: 9/67 MP: 14/14
  5519 | D:6      | Noticed Grinder
  5527 | D:6      | Paralysed by Grinder for 3 turns
  5531 | D:6      | Killed Grinder
  5532 | D:6      | Reached skill level 5 in Fighting
  5532 | D:6      | Reached skill level 5 in Armour
  5533 | D:6      | Found a staircase to the Ecumenical Temple.
  5536 | D:6      | Found the Hermit's Pendant {Faith Invo=14 Evo=0 MP+5}
  5542 | Temple   | Entered the Ecumenical Temple
  5730 | Temple   | Fell from the grace of Yredelemnul
  5730 | Temple   | Became a worshipper of Hepliaklqana the Forgotten
  5907 | D:6      | Noticed hattop's ghost (novice DECj)
  5922 | D:6      | Found a runed translucent door.
  6194 | D:6      | Killed hattop's ghost
  6255 | D:6      | Reached skill level 8 in Axes
  6758 | D:6      | You fall into a shaft and drop 2 floors!
  6758 | D:8      | Reached * piety under Hepliaklqana
  6954 | D:7      | Reached skill level 5 in Spellcasting
  7012 | D:7      | Found a shimmering blue altar of Sif Muna.
  7013 | D:7      | Found a basalt altar of Yredelemnul.
  7419 | D:7      | Gained mutation: You regenerate magic rapidly. [demonic
                  | ancestry]
  7419 | D:7      | Reached XP level 10. HP: 46/66 MP: 20/20
  7462 | D:7      | Noticed a jiangshi
  7462 | D:7      | Noticed a skeletal warrior
  7468 | D:7      | Mangled by a jiangshi

Illustrated notes

Levels and vault maps discovered:
D:1:      onia_arrival_mini_spirals, layout_rooms,
          ebering_ecumenical_altar_ruins, minmay_door_square
D:2:      layout_rooms, minmay_fractal_squares_5, uniq_natasha
D:3:      corexii_shack_village, layout_basic, serial_shops, nicolae_shop_trees,
          uniq_ijyb, uniq_jessica, uniq_crazy_yiuf_cottage
D:4:      layout_basic, uniq_blork_the_orc
D:5:      layout_loops_ring, hangedman_ru_absence
D:6:      layout_gridville, elyvilon_altar_5, minmay_temple_entry_mist,
          hellmonk_ghost_happy_afterlife, uniq_pikel, uniq_grinder, uniq_sigmund
D:7:      layout_cave_pods, chequers_temple_overflow_statue_of_worship
D:8:      layout_rooms, enter_bailey_3
Temple:   minmay_temple_bridge_d

Skill      XL: |  1  2  3  4  5  6  7  8  9 |
---------------+----------------------------+-----
Axes           | 2 3 4 5 7 8 |  8.4
Armour         | 3 4 5 |  5.8
Shields        | 3 4 5 6 |  6.1
Fighting       | 4 5 |  5.4
Spellcasting   | 2 3 5 |  5.1
Invocations    | 1 |  1.1
Dodging        | |  0.8
Stealth        | |  0.6
Evocations     | |  0.3

Action                     |  1- 3 |  4- 6 |  7- 9 | 10-12 || total
---------------------------+-------+-------+-------+-------++-------
  Melee: War axe           |    65 |    81 |   143 |     4 ||   293
         Tailslap          |       |       |    18 |       ||    18
 Invoke: Dark Bargain      |       |       |     2 |       ||     2
         Recall Undead Har |       |       |     1 |       ||     1
         Ancestor Identity |       |       |     2 |       ||     2
         Recall Ancestor   |       |       |     1 |       ||     1
    Use: Scroll            |     4 |     9 |     1 |     1 ||    15
         Potion            |     1 |       |     1 |       ||     2
 Armour: Scale mail        |    22 |       |       |       ||    22
         Plate armour      |    48 |    71 |   106 |     3 ||   228
  Dodge: Dodged            |    38 |    28 |    83 |     5 ||   154
  Block: Buckler           |    13 |    51 |   105 |     8 ||   177
